AoeStats
← 从不压堡之人

African Clearing

510286885Analyzed
4v4 RM · 2d ago on Sep 30, 2026· 15m 18s· 8 players
Game mode
Random Map
Map size
Large (8 player)
Population
200
Speed
Normal
Resources
Standard
Victory
Conquest
Starting age
Dark Age
Ending age
Imperial Age
RankedLock teamsTeams togetherTeam positionsShared explorationLock speedFull tech treeHidden civsTurbo modeCheats
Victory
Defeat
🇳🇱 Bulgarians · Netherlands
993
+18
🇩🇪 Romans · Germany
991
+18
🇩🇪 Byzantines · Germany
970
+19
🇫🇷 Khmer · France
938
+20
1090
-20
🇨🇳 Byzantines · China
1065
-20
🇨🇳 Maya · China
1009
-18
1001
-17
GermanWolf7
6:45 Loom
jphilkill
5:29 Loom
willem.goossenss
13:07 Loom
15:33 Feudal Age
APC
4:52 Loom
13:53 Feudal Age
15:10 Wheelbarrow
我怕你审判长?
12:57 Feudal Age
洗心革面重新做人TownYan
12:07 Feudal Age
15:11 Castle Age
13:26 Double-Bit Axe
从不压堡之人
13:49 Feudal Age
14:45 Double-Bit Axe
LLK是给
13:55 Feudal Age
14:38 Double-Bit Axe
Connection lost

Rejoining the realm…

Still unreachable

The connection could not be restored.

Session expired

The server has moved on; the page needs a fresh start.